 Dungeon Crawl Stone Soup version 0.30-a0-341-g682706514a (webtiles) character file.

Game seed: 7994523465175025546

932 LnG the Covert (level 8, -7/42 (44) HPs)
             Began as a Kobold Summoner on Nov 4, 2022.
             Mangled by a wight
             ... wielding a +2 flail
              (15 damage)
             ... on level 5 of the Dungeon.
             The game lasted 00:12:22 (4629 turns).

LnG the Covert (Kobold Summoner)                    Turns: 4629, Time: 00:12:23

HP:   -7/42 (44)    AC:  4    Str:  5    XL:     8   Next: 33%
MP:   10/13         EV: 16    Int: 18    God:
Gold: 195           SH:  0    Dex: 16    Spells: 0/13 levels left

rFire   . . .      SeeInvis .    s - +6 short sword
rCold   + . .      Faith    .    (no shield)
rNeg    . . .      Spirit   .    a - +0 robe
rPois   .          Reflect  .    (no helmet)
rElec   .          Harm     .    d - +0 cloak
rCorr   .          Rampage  .    (no gloves)
Will    .....                    b - +0 pair of boots
Stlth   +++++.....               c - amulet of the acrobat
HPRegen 0.27/turn                y - ring of protection from cold
MPRegen 0.13/turn                (no ring)

@: lightly drained
A: small, no large weapons, nightstalker 3
a: no special abilities


You were on level 5 of the Dungeon.
You visited 1 branch of the dungeon, and saw 5 of its levels.

You collected 195 gold pieces.

Inventory:

Hand Weapons
 g - a +0 dagger
 s - a +6 short sword (weapon)
Missiles
 j - a throwing net
Armour
 a - a +0 robe (worn)
 b - a +0 pair of boots (worn)
 d - a +0 cloak (worn)
 f - a +1 leather armour of willpower
Jewellery
 c - an amulet of the acrobat (around neck)
 y - a ring of protection from cold (left hand)
Wands
 o - a wand of quicksilver (4)
 x - a wand of flame (20)
Scrolls
 e - a scroll of fear
 h - 3 scrolls of torment
 i - a scroll of identify
 m - 2 scrolls of fog {unknown}
 q - a scroll of poison
 t - a scroll of noise {unknown}
 u - a scroll of summoning {unknown}
 v - 2 scrolls of blinking {unknown}
 w - a scroll of enchant armour {unknown}
Potions
 k - a potion of cancellation {unknown}
 l - a potion of degeneration {unknown}
 n - a potion of attraction {unknown}
 p - 2 potions of might {unknown}
 r - 2 potions of flight {unknown}
 z - a potion of curing {unknown}
 A - a potion of ambrosia {unknown}


   Skills:
 + Level 1.9 Fighting
 + Level 4.5 Short Blades
 * Level 4.9 Dodging
 * Level 8.7 Stealth
 + Level 3.4 Spellcasting
 + Level 0.4 Hexes
 + Level 4.9 Summonings


You couldn't memorise any spells.
You knew the following spells:

 Your Spells              Type           Power      Damage    Failure   Level
a - Summon Small Mammal   Summ           80%        N/A       1%          1
b - Call Imp              Summ           20%        N/A       3%          2
c - Call Canine Familiar  Summ           20%        N/A       6%          3
d - Summon Guardian Gole  Hex/Summ       12%        N/A       16%         3
e - Summon Lightning Spi  Summ/Air       12%        N/A       50%         4

Your spell library contained the following spells:

 Spells                   Type           Power      Damage    Failure   Level
 Slow                     Hex            16%        N/A       13%         1
 Kiss of Death            Conj/Necr      12%        2d6       16%         1
 Magic Dart               Conj           12%        1d3       16%         1
 Blink                    Tloc           6%         N/A       24%         2
 Momentum Strike          Conj/Tloc      6%         3d8       24%         2
 Searing Ray              Conj           6%         2d4       24%         2
 Confusing Touch          Hex            4%         N/A       36%         3
 Inner Flame              Hex/Fire       3%         N/A       38%         3
 Lesser Beckoning         Tloc           6%         N/A       43%         3
 Vampiric Draining        Necr           3%         2d6       43%         3
 Fulminant Prism          Conj/Hex       1%         3d5       80%         4
 Animate Dead             Necr           3%         N/A       83%         4
 Dispel Undead            Necr           3%         3d7       83%         4
 Flame Wave               Conj/Fire      3%         2d5       83%         4
 Sticky Flame             Conj/Fire      3%         2d3       83%         4
 Borgnjor's Vile Clutch   Necr/Erth      1%         N/A       99%         5
 Death Channel            Necr           1%         N/A       100%        6
 Borgnjor's Revivificati  Necr           1%         N/A       100%        8
 Necromutation            Tmut/Necr      1%         N/A       100%        8
 Death's Door             Necr           1%         N/A       100%        9


Dungeon Overview and Level Annotations

Branches:
Dungeon (5/15)
 Temple: D:4-7

Altars:
Elyvilon
Kikubaaqudgha
Yredelemnul
Zin


Innate Abilities, Weirdness & Mutations

You are small and have problems with some larger weapons.
You are completely attuned to the shadows.


Message History

You add the spells Slow and Vampiric Draining to your library.
v - 2 scrolls labelled QOCHYTEQIN (gained 1)
A wight is nearby!
There is an open door here.
A shadow imp comes into view.
The shadow imp shouts!
You hit the wight but do no damage. The wight closely misses you.
You puncture the wight!
The wight is heavily damaged.
The wight hits you with a +2 flail!
You hit the wight.
The wight is heavily damaged.
The shadow imp hits you.
You hit the wight.
The wight is severely damaged.
The wight hits you with a +2 flail!
You feel drained. The shadow imp misses you.
Casting: Summon Small Mammal (safe; 1% risk of failure)
Confirm with . or Enter, or press ? or * to list all spells.
The wight hits you with a +2 flail!
The shadow imp hits you but does no damage.
You hit the wight.
The wight is almost destroyed.
The wight misses you.
Your hound bites the shadow imp.
You completely miss the wight.
The wight is almost destroyed.
The shadow imp completely misses you.
Your hound barely misses the shadow imp.
The wight hits you with a +2 flail!
* * * LOW HITPOINT WARNING * * *
You feel drained.
* * * LOW HITPOINT WARNING * * *
You hit the wight but do no damage.
The wight is almost destroyed.
The shadow imp hits you but does no damage.
Your hound bites the shadow imp.
You hit the wight but do no damage.
The wight is almost destroyed.
The wight hits you with a +2 flail!
You die...

≈≈≈≈≈ ≈≈≈~ ≈≈~ ♣~
..###.... ~ ........#
P~~ ........# ~P~
...hz...# ~~~ ...5@...#
~~~ ..##'##.# P~ ♣
##...## ~~♣♣♣ ##.....##
♣~P.. ##.8...8.##
###♣~~...
##.#.....#.####....#...
#...8...8...#......#...
+...........'......#...
#...8...8...###....#...


You could see a wight, a shadow imp (ally target) and a friendly hound
(summoned).

Vanquished Creatures
  Eustachio (D:5)
  A human (D:4)
  2 wights (D:5)
  2 vampire bats (D:3)
  An orc priest (D:5)
  A gnoll bouda (D:5)
  Natasha (D:3)
  6 adders
  5 gnolls
  2 white imps (D:5)
  A dart slug (D:2)
  6 orcs
  6 ball pythons
  3 bat skeletons (D:3)
  3 bat zombies (D:3)
  9 endoplasms
  3 giant cockroaches
  A goblin (D:4)
  7 hobgoblins
  4 jackals (D:5)
  2 quokkas (D:2)
  2 bats
  2 jackal skeletons (D:4)
  7 kobolds
  2 rats (D:2)
80 creatures vanquished.

Vanquished Creatures (collateral kills)
  A wight (D:5)
  Jessica (D:2)
  3 gnolls (D:5)
  2 orcs (D:5)
  2 endoplasms
  A giant cockroach (D:1)
  A goblin (D:1)
  A hobgoblin (D:1)
  A frilled lizard (D:1)
  A rat (D:1)
14 creatures vanquished.

Vanquished Creatures (others)
  A wight (D:5)
  A jelly (D:5)
  8 plants (D:5)
10 creatures vanquished.

Grand Total: 104 creatures vanquished

Notes
Turn   | Place    | Note
-------+----------+-------------------------------------------
     0 | D:1      | LnG the Kobold Summoner began the quest for the Orb.
     0 | D:1      | Reached XP level 1. HP: 10/10 MP: 3/3
   413 | D:1      | Reached XP level 2. HP: 15/15 MP: 5/5
   416 | D:1      | Learned a level 2 spell: Call Imp
   448 | D:1      | Reached skill level 3 in Stealth
  1103 | D:2      | Noticed Jessica
  1115 | D:2      | Killed Jessica
  1116 | D:2      | Reached skill level 4 in Stealth
  1116 | D:2      | Reached XP level 3. HP: 19/19 MP: 2/6
  1287 | D:2      | Reached XP level 4. HP: 18/24 MP: 4/7
  2050 | D:3      | You fall into a shaft and drop 1 floor!
  2082 | D:3      | Reached skill level 1 in Fighting
  2378 | D:3      | Reached skill level 1 in Short Blades
  2378 | D:3      | Found an ancient bone altar of Kikubaaqudgha.
  2383 | D:3      | Reached skill level 5 in Stealth
  2383 | D:3      | Reached XP level 5. HP: 29/29 MP: 8/8
  2389 | D:3      | Reached skill level 6 in Stealth
  2500 | D:3      | Noticed Natasha
  2506 | D:3      | Killed Natasha
  2507 | D:3      | Reached XP level 6. HP: 34/34 MP: 9/9
  2511 | D:3      | Learned a level 3 spell: Call Canine Familiar
  2515 | D:3      | Learned a level 3 spell: Summon Guardian Golem
  2540 | D:3      | Found a white marble altar of Elyvilon.
  2844 | D:4      | Found a runed translucent door.
  2844 | D:4      | Noticed a human
  2906 | D:4      | Found a basalt altar of Yredelemnul.
  3132 | D:4      | Killed a human
  3133 | D:4      | Reached skill level 7 in Stealth
  3133 | D:4      | Reached XP level 7. HP: 36/38 MP: 10/10
  3565 | D:4      | Found a glowing silver altar of Zin.
  3614 | D:5      | Entered Level 5 of the Dungeon
  3658 | D:5      | Reached skill level 8 in Stealth
  4093 | D:5      | HP: 1/39 [gnoll/+0 halberd[a gnoll bouda] (5)]
  4247 | D:5      | Noticed Eustachio
  4260 | D:5      | Reached XP level 8. HP: 32/44 MP: 5/12
  4283 | D:5      | Killed Eustachio
  4547 | D:5      | Learned a level 4 spell: Summon Lightning Spire
  4629 | D:5      | Mangled by a wight

Illustrated notes

Levels and vault maps discovered:
D:1:      psy_arrival_terrarium, layout_loops_ring, roderic_nine_men_s_morris
D:2:      layout_basic, uniq_jessica
D:3:      layout_rooms, nicolae_elyvilon_temple_path, kennysheep_vampire_church,
          minmay_misc_feat_square, uniq_natasha
D:4:      layout_basic, dk_yredelemnul_ordeal, lemuel_doored_altar,
          minmay_misc_feat_alley
D:5:      layout_gridville, mainiacjoe_overflow_paths, minmay_misc_feat_five,
          nicolae_zen_rock_garden, dk_noncrumbling_3, serial_bayou_lake_a,
          uniq_grinder, uniq_eustachio

Skill      XL: |  1  2  3  4  5  6  7 |
---------------+----------------------+-----
Stealth        | 4 5 6 7 8 |  8.7
Dodging        | 3 4 |  4.9
Fighting       | 1 |  1.9
Short Blades   | 1 2 4 |  4.5
Spellcasting   | 3 |  3.4
Hexes          | |  0.4
Summonings     | |  4.9

Action                   |  1- 3 |  4- 6 |  7- 9 || total
-------------------------+-------+-------+-------++-------
Melee: Unarmed           |    13 |       |       ||    13
       Dagger            |    43 |    29 |       ||    72
       Short sword       |       |    66 |    91 ||   157
       Punch             |       |     2 |     1 ||     3
 Cast: Summon Small Mamm |     9 |       |     4 ||    13
       Call Imp          |     4 |       |     5 ||     9
       Call Canine Famil |       |       |    17 ||    17
       Summon Guardian G |       |       |     2 ||     2
  Use: Scroll            |       |     6 |     1 ||     7
       Potion            |       |       |     1 ||     1
 Stab: Sleeping          |     7 |    24 |     5 ||    36
       Distracted        |       |       |     1 ||     1
Armor: Robe              |     5 |    23 |    10 ||    38
Dodge: Dodged            |    45 |    68 |    93 ||   206

Table legend: (Time is in decaauts)
 A = Elapsed time spent in this place.
 B = Non-inter-level travel time spent in this place.
 C = Inter-level travel time spent in this place.
 D = Time resting spent in this place.
 E = Time spent auto-exploring this place.
 F = Levels seen in this place.
 G = Mean time per level.
                   A        B        C        D        E       F      G
               +--------+--------+--------+--------+--------+-----+--------+
         Total |   4614 |   4474 |    140 |    349 |   3187 |   5 |  922.8 |
       Dungeon |   4614 |   4474 |    140 |    349 |   3187 |   5 |  922.8 |
               +--------+--------+--------+--------+--------+-----+--------+

Top non-repeatable levels by time:
     D:2: 1087 daAuts
     D:4: 1026 daAuts
     D:5: 1013 daAuts
     D:1: 960 daAuts
     D:3: 526 daAuts
